 Dungeon Crawl Stone Soup version 0.26-a0-505-g732bf3b8d2 (webtiles) character file.

Game seed: 13824195167020486430

3122 win2k the Arsonist (level 9, -4/48 HPs)
             Began as a Deep Elf Fire Elementalist on Aug 9, 2020.
             Was a Follower of Vehumet.
             Shot with an arrow by a centaur warrior (20 damage)
             ... on level 8 of the Dungeon.
             The game lasted 01:16:34 (9623 turns).

win2k the Arsonist (Deep Elf Fire Elementalist)     Turns: 9623, Time: 01:16:35

Health: -4/48      AC:  3    Str:  5    XL:     9   Next: 60%
Magic:  19/24      EV: 13    Int: 30    God:    Vehumet [*.....]
Gold:   465        SH:  0    Dex: 15    Spells: 14/27 levels left

rFire    . . .     SeeInvis .   u - staff of earth
rCold    . . .     Faith    .   (no shield)
rNeg     + . .     Spirit   .   a - +1 robe
rPois    .         Reflect  .   (no helmet)
rElec    .         Harm     .   (no cloak)
rCorr    .                      (no gloves)
MR       .....                  (no boots)
Stlth    ++........             h - amulet of magic regeneration
HPRegen  0.16/turn              n - +6 ring of intelligence
MPRegen  0.44/turn              p - ring of positive energy

@: no status effects
A: no striking features
a: Renounce Religion


You were on level 8 of the Dungeon.
You worshipped Vehumet.
Vehumet was aware of your devotion.
You visited 2 branches of the dungeon, and saw 9 of its levels.

You collected 465 gold pieces.

Inventory:

Hand Weapons
 r - a +4 dagger
Armour
 a - a +1 robe (worn)
Magical Staves
 u - an uncursed staff of earth (weapon)
Jewellery
 h - an amulet of magic regeneration (around neck)
 n - a +6 ring of intelligence (left hand)
 p - a ring of positive energy (right hand)
 v - a cursed amulet of inaccuracy {unknown}
Wands
 e - a wand of random effects (29)
 f - a wand of disintegration (34)
 s - a wand of digging (3)
Scrolls
 l - a scroll of remove curse
 m - 2 scrolls of enchant armour
 q - a scroll of teleportation
Potions
 b - a potion of degeneration
 c - a potion of flight {unknown}
 g - a potion of magic
 i - a potion of ambrosia {unknown}
 j - a potion of stabbing {unknown}
 k - 3 potions of mutation
 o - a potion of lignification {unknown}
 t - 2 potions of might {unknown}


   Skills:
 + Level 1.6 Fighting
   Level 0.1 Maces & Flails
 - Level 2.4 Dodging
 - Level 2.4 Stealth
 + Level 9.8 Spellcasting
 + Level 6.7 Conjurations
 + Level 1.8 Hexes
 * Level 10.5 Fire Magic


You had 14 spell levels left.
You knew the following spells:

 Your Spells              Type           Power        Failure   Level
a - Foxfire               Conj/Fire      ####         1%          1
b - Inner Flame           Hex/Fire       ######..     1%          3
c - Sticky Flame          Conj/Fire      ######..     1%          4
d - Fireball              Conj/Fire      ######....   2%          5

Your spell library contained the following spells:

 Spells                   Type           Power        Failure   Level
 Magic Dart               Conj           ####         1%          1
 Conjure Flame            Conj/Fire      ######..     1%          3
 Beastly Appendage        Tmut           ##....       3%          1
 Wereblood                Tmut           ##......     5%          2
 Spider Form              Tmut/Pois      ##........   11%         3
 Ice Form                 Ice/Tmut       ##......     34%         4
 Blade Hands              Tmut           ##........   69%         5


Dungeon Overview and Level Annotations

Branches:
Dungeon (8/15)             Temple (1/1) D:4
   Lair: D:8-11

Altars:
Ashenzari
Cheibriados
Dithmenos
Elyvilon
Fedhas
Gozag
Hepliaklqana
Kikubaaqudgha
Makhleb
Nemelex Xobeh
Okawaru
Qazlal
Ru
Sif Muna
Trog
Uskayaw
Vehumet
Wu Jian
Xom
Yredelemnul
Zin
The Shining One

Annotations:
D:6 3 runed translucent doors, fly's ghost, weakling FoDe


Message History

The foxfire hits the centaur warrior but does no damage.
The centaur warrior shoots an arrow.
The arrow barely misses you.
Casting: Foxfire (safe; 1% risk of failure)
Confirm with . or Enter, or press ? or * to list all spells.
You conjure some foxfire!
The centaur warrior shoots an arrow.
The arrow hits you!
Your foxfire dissipates!
The foxfire hits the centaur warrior.
The centaur warrior is lightly wounded.
Casting: Foxfire (safe; 1% risk of failure)
Confirm with . or Enter, or press ? or * to list all spells.
Aiming: Fireball (dangerous; 2% risk of failure)
Press: ? - help, Shift-Dir - straight line, f - centaur warrior
Aim: a centaur warrior, wielding a +0 shortbow and quivering 11 arrows (lightly wounded)
The fireball explodes!
The fireball engulfs the centaur warrior!!
The centaur warrior is heavily wounded.
You hear a horrible gurgling sound!
You hear a shout!
The centaur warrior shoots an arrow.
The arrow hits you!!
You die...

#.# #.......... ### #.#
#.(........ ..
#.###.......... #.
#.##...........
#.#####.#............ #
#...........#########
#.###..####.#.#.# #
#.....§(......#<# #
####..§(@..)###........
. #.c§###### #########
###.# .♣. .. #v .#. ..[
#♣$. ..♣# (.. .#. ##.#
..##


You could see a centaur warrior.

Vanquished Creatures
  A deep elf mage (D:8)
  A hippogriff (D:7)
  2 porcupines (D:8)
  Duvessa (D:6)
  A phantom (D:8)
  2 orc warriors
  A sky beast (D:7)
  2 black bears (D:8)
  A centaur (D:6)
  Blork the orc (D:6)
  Dowan (D:6)
  3 scorpions
  5 wights (D:6)
  5 howler monkeys
  3 vampire bats (D:6)
  A jelly (D:8)
  3 hounds
  3 orc priests
  5 orc wizards (D:6)
  Natasha (thrice) (D:2)
  An iguana (D:4)
  6 worker ants
  Robin (D:2)
  3 gnolls (D:5)
  4 adders
  A white imp (D:7)
  An ufetubus (D:5)
  3 worms
  A dart slug (D:1)
  3 leopard geckos
  17 orcs
  3 bats
  5 bat skeletons (D:6)
  A giant cockroach (D:3)
  20 goblins
  5 hobgoblins
  9 jackals (D:2)
  3 quokkas
  4 ball pythons
  7 frilled lizards
  A giant cockroach zombie (D:6)
  9 kobolds
  A quokka skeleton (D:4)
  5 rats
159 creatures vanquished.

Vanquished Creatures (others)
  436 foxfires
436 creatures vanquished.

Grand Total: 595 creatures vanquished

Notes
Turn   | Place    | Note
-------+----------+-------------------------------------------
     0 | D:1      | win2k the Deep Elf Fire Elementalist began the quest for
                  | the Orb.
     0 | D:1      | Reached XP level 1. HP: 10/10 MP: 6/6
   452 | D:1      | Reached skill level 4 in Fire Magic
   452 | D:1      | Reached XP level 2. HP: 15/15 MP: 5/8
  1381 | D:2      | Noticed Natasha
  1390 | D:2      | Killed Natasha
  1390 | D:2      | Reached XP level 3. HP: 17/19 MP: 4/9
  1540 | D:2      | Reached skill level 5 in Fire Magic
  1551 | D:2      | Reached XP level 4. HP: 24/24 MP: 3/11
  1625 | D:2      | Noticed Natasha
  1778 | D:2      | Noticed Robin
  1816 | D:2      | Killed Robin
  2015 | D:2      | Found a faded altar of an unknown god.
  2055 | D:2      | Killed Natasha
  2055 | D:2      | Reached XP level 5. HP: 25/28 MP: 8/13
  2093 | D:2      | Learned a level 3 spell: Inner Flame
  2134 | D:2      | Noticed Natasha
  2142 | D:2      | Killed Natasha
  2388 | D:3      | Learned a level 4 spell: Sticky Flame
  3525 | D:3      | Reached skill level 6 in Fire Magic
  3933 | D:4      | Reached XP level 6. HP: 32/32 MP: 6/14
  4128 | D:4      | Found a white marble altar of Elyvilon.
  4380 | D:4      | Found a staircase to the Ecumenical Temple.
  4403 | D:4      | Reached skill level 5 in Spellcasting
  4677 | Temple   | Entered the Ecumenical Temple
  4753 | Temple   | Became a worshipper of Vehumet
  4888 | D:5      | Entered Level 5 of the Dungeon
  5190 | D:5      | Reached XP level 7. HP: 32/37 MP: 14/17
  5603 | D:6      | Noticed Duvessa
  5603 | D:6      | Noticed Dowan
  5629 | D:6      | Reached skill level 7 in Fire Magic
  5951 | D:6      | Killed Duvessa
  5956 | D:6      | Killed Dowan
  5956 | D:6      | Reached skill level 1 in Hexes
  6035 | D:6      | Reached skill level 8 in Fire Magic
  6035 | D:6      | Reached XP level 8. HP: 42/42 MP: 15/20
  6097 | D:6      | Learned a level 5 spell: Fireball
  6118 | D:6      | Noticed fly's ghost (weakling FoDe)
  6145 | D:6      | Found a runed translucent gate.
  6145 | D:6      | Found a runed translucent gate.
  6147 | D:6      | Found a runed translucent gate.
  6170 | D:6      | Noticed Blork the orc
  6176 | D:6      | Killed Blork the orc
  6176 | D:6      | Reached * piety under Vehumet
  6176 | D:6      | Offered knowledge of Magic Dart by Vehumet.
  6352 | D:6      | Found an opulent altar of Gozag.
  6396 | D:6      | Reached skill level 5 in Conjurations
  6969 | D:6      | Found an ancient bone altar of Kikubaaqudgha.
  6994 | D:6      | Reached skill level 1 in Fighting
  7711 | D:7      | Reached skill level 9 in Fire Magic
  7716 | D:7      | Noticed a hippogriff
  7732 | D:7      | Killed a hippogriff
  7826 | D:7      | Reached XP level 9. HP: 43/47 MP: 23/23
  8748 | D:8      | Reached skill level 10 in Fire Magic
  9061 | D:8      | Found a glowing golden altar of the Shining One.
  9113 | D:8      | Noticed a deep elf mage
  9369 | D:8      | Killed a deep elf mage
  9616 | D:8      | Noticed a centaur warrior
  9623 | D:8      | Shot with an arrow by a centaur warrior

Illustrated notes

Levels and vault maps discovered:
D:1:      dpeg_arrival_concentric_ovals, layout_basic
D:2:      layout_rooms, chequers_ecumenical_altar_simple, uniq_robin,
          uniq_natasha
D:3:      layout_loops_ring, serial_rivers, chequers_serial_rivers_micro_d,
          chequers_serial_rivers_small_b, chequers_serial_rivers_micro_d,
          chequers_serial_rivers_room_a, chequers_serial_rivers_marsh,
          chequers_serial_rivers_micro_c
D:4:      layout_basic, minmay_temple_entry_mist, st_stairs_6,
          grunt_ministairs_1, elyvilon_altar_4
D:5:      wad_lake_hut, layout_gridville, minmay_hedge_maze
D:6:      layout_layer_cave, kennysheep_vampire_church, gammafunk_ghost_split,
          grunt_gozag_statues, uniq_duvessa, uniq_blork_the_orc
D:7:      layout_layer_cave
D:8:      minmay_bloctagon_deflated, layout_loops_ring,
          grunt_lair_entry_orc_guard_hut, basic_altar
Temple:   dpeg_three_leaves_temple

Skill      XL: |  1  2  3  4  5  6  7  8  9 |
---------------+----------------------------+-----
Fire Magic     | 4 5 6 8 9 10 | 10.5
Spellcasting   | 4 5 6 8 9 |  9.8
Conjurations   | 2 3 4 5 6 |  6.7
Hexes          | 1 |  1.8
Fighting       | 1 |  1.6
Maces & Flails | |  0.1
Dodging        | |  2.4
Stealth        | |  2.4

Action                   |  1- 3 |  4- 6 |  7- 9 || total
-------------------------+-------+-------+-------++-------
Melee: Club              |    11 |    10 |       ||    21
       Unarmed           |     1 |       |       ||     1
       Dagger            |       |       |     1 ||     1
 Cast: Foxfire           |    47 |   113 |   130 ||   290
       Sticky Flame      |       |     7 |     8 ||    15
       Inner Flame       |       |     2 |     7 ||     9
       Fireball          |       |       |    12 ||    12
  Use: Scroll            |     1 |     6 |     4 ||    11
       Potion            |       |       |     2 ||     2
Armor: Robe              |     4 |    14 |    31 ||    49
Dodge: Dodged            |    22 |    46 |    78 ||   146

Table legend: (Time is in decaauts)
 A = Elapsed time spent in this place.
 B = Non-inter-level travel time spent in this place.
 C = Inter-level travel time spent in this place.
 D = Time resting spent in this place.
 E = Time spent auto-exploring this place.
 F = Levels seen in this place.
 G = Mean time per level.
                   A        B        C        D        E       F      G
               +--------+--------+--------+--------+--------+-----+--------+
         Total |   9677 |   9426 |    251 |   2218 |   3497 |   9 | 1075.2 |
       Dungeon |   9591 |   9340 |    251 |   2218 |   3497 |   8 | 1198.9 |
        Temple |     85 |     85 |      0 |      0 |      0 |   1 |   85.0 |
               +--------+--------+--------+--------+--------+-----+--------+

Top non-repeatable levels by time:
     D:7: 1566 daAuts
     D:3: 1494 daAuts
     D:6: 1487 daAuts
     D:1: 1378 daAuts
     D:5: 998 daAuts
     D:4: 986 daAuts
     D:2: 958 daAuts
     D:8: 721 daAuts
  Temple: 85 daAuts
